Cogmind - Beta 16 @@@ ROGUE MODE // 2025.12.15 @ 21:55:24 Player: FrigidRock Result: Destroyed by D-53 Grenadier with Mini Grenade Launcher Performance ------------- Evolutions (0) 0 Regions Visited (2) 400 Robots Destroyed (15) 75 Value Destroyed (442) 442 Prototype IDs (0) 0 Alien Tech Used (0) 0 Bonus (0) 0 TOTAL SCORE: 917 Bonus ------- None Cogmind --------- Core Integrity 0/250 Matter 248/300 Energy 160/160 System Corruption 0% Temperature Cool (0) Movement Walking (190) Ox1 Location -10/Mines Parts ------- > --- POWER (1) -------- Light Nuclear Core > --- PROPULSION (2) --- Aluminum Leg > --- UTILITY (2) ------ Small Storage Unit Seismic Detector > --- WEAPON (2) ------- Small Laser Rocket Launcher > --- INVENTORY (8) ---- Ion Engine Aluminum Leg Aluminum Leg Small Laser Small Laser Datajack Shock Trap Shock Trap Peak State ------------ > --- POWER ------------ Light Nuclear Core > --- PROPULSION ------- Aluminum Leg Aluminum Leg > --- UTILITY ---------- Small Storage Unit Seismic Detector > --- WEAPON ----------- Small Laser Rocket Launcher > --- INVENTORY -------- Ion Engine Aluminum Leg Aluminum Leg Small Laser Small Laser Datajack Shock Trap Shock Trap [Rating: 10] Favorites ----------- Power Light Nuclear Core Engine Ion Engine Power Core Light Nuclear Core Propulsion Aluminum Leg Leg Aluminum Leg Utility Small Storage Unit Device Seismic Detector Storage Small Storage Unit Weapon Small Laser Energy Gun Small Laser Ballistic Gun Light Assault Rifle Launcher Rocket Launcher Build | -11 -10 -10 ------- Run | Yrd Mat Min Slots Evolved . | . . . Power . | . . . Propulsion . | . . . Utility . | . . . Weapon . | . . . Parts Attached 17 | 7 7 3 Power 2 | 1 1 . Engine 1 | 1 . . Core 1 | . 1 . Reactor . | . . . Propulsion 7 | 2 4 1 Treads . | . . . Leg 7 | 2 4 1 Wheel . | . . . Hover . | . . . Flight . | . . . Utility 2 | 2 . . Device 1 | 1 . . Storage 1 | 1 . . Processor . | . . . Hackware . | . . . Protection . | . . . Artifact . | . . . Weapon 6 | 2 2 2 Energy Gun 4 | 1 2 1 Energy Cannon . | . . . Ballistic Gun 1 | 1 . . Ballistic Cannon . | . . . Launcher 1 | . . 1 Special Weapon . | . . . Impact Weapon . | . . . Slashing Weapon . | . . . Piercing Weapon . | . . . Special Melee Weapon . | . . . Unidentified Prototypes . | . . . Parts Lost 8 | . 5 3 Power 1 | . 1 . Propulsion 4 | . 2 2 Utility . | . . . Weapon 3 | . 2 1 Highest Loss Streak 4 | . 4 2 To Critical Strikes . | . . . Average Backups 3 | . 2 6 Power . | . . 1 Propulsion 1 | . . 2 Utility . | . . . Weapon 1 | . 1 1 Tool/Special . | . . . Unused Backups 5 | . . 5 Power 3 | . . 3 Propulsion . | . . . Utility . | . . . Weapon 1 | . . 1 Tool/Special 1 | . . 1 Average Slot Usage (%) 98 | . 96 99 Engine 3 | . 6 . Core 10 | . 5 14 Leg 27 | . 27 27 Device 14 | . 14 14 Storage 14 | . 14 14 Energy Gun 15 | . 12 18 Ballistic Gun 7 | . 14 1 Launcher 4 | . . 8 Peak Build Rating 10 | 7 9 10 Average Rating 8 | 5 7 9 On Entrance 5 | . 7 9 Avg Prop Armor Cover (%) . | . . . Naked Turns . | . . . Heaviest Build 16 | 14 14 16 Greatest Support 20 | 20 20 20 Greatest Overweight (x) 4 | 4 . 1 Average Overweight (x) . | . . . Largest Inventory Capacity 8 | 8 8 8 Average Capacity 7 | 7 8 8 Most Carried 8 | . 7 8 Average Carried 4 | . 2 7 Final Capacity 8 | 8 8 8 Final Carried 8 | . 7 8 Class Distribution -------------------- 67% | Scavenger-Mutant 32% | Mutant Dominant Class ---------------- Mutant | -10/Materials Scavenger-Mutant | -10/Mines Resources | -11 -10 -10 ----------- Run | Yrd Mat Min Matter Collected 380 | 275 79 26 Remotely . | . . . Salvage Created 547 | 114 343 90 Parts 28 | 5 18 5 Haulers Intercepted . | . . . Recyclers Shooed . | . . . Parts Field Recycled . | . . . Retrieved Matter . | . . . Parts Self-Destructed . | . . . Prevented . | . . . Parts Restored . | . . . Kills | -11 -10 -10 ------- Run | Yrd Mat Min Combat Hostiles Destroyed 13 | . 8 5 Guns 10 | . 8 2 AOE 3 | . . 3 Classes Destroyed 4 | 2 1 1 Tunneler 1 | 1 . . Recycler 1 | 1 . . Swarmer 3 | . . 3 Grunt 10 | . 8 2 Best Kill Streak 4 | 1 4 3 Combat Bots Only 4 | . 4 3 Max Kills in Single Turn 2 | 1 1 2 Gunslinging . | . . . Exploded 2 | . . 2 Melee . | . . . Uniques/NPCs Destroyed . | . . . Combat | -11 -10 -10 -------- Run | Yrd Mat Min Hostile Shots Fired 118 | . 83 35 Missed 28 | . 17 11 Hits 90 | . 66 24 Projectile 90 | . 66 24 AOE 2 | . . 2 Critical Strikes 2 | . 2 . Damage Taken 1214 | . 848 366 Core 262 | . 193 69 Absorbed by Shields . | . . . Core Remaining (%) 100 | 100 . . Volleys Fired 63 | 5 44 14 Largest 2 | 2 2 2 Hottest 80 | 60 60 80 Shots Fired 114 | 10 81 23 Gun 109 | 10 81 18 Cannon . | . . . Launcher 5 | . . 5 Special . | . . . Kinetic 55 | 5 44 6 Thermal 37 | . 25 12 Explosive 5 | . . 5 Electromagnetic 17 | 5 12 . Robot Hit Streak 8 | 2 4 8 Robot Miss Streak 3 | 3 2 3 Penetration Max . | . . . Secondary Targets 3 | . 2 1 Max Gunslinging Chain 1 | . 1 1 Shots Hit Robots 67 | 4 50 13 Core Hits 32 | 2 21 9 Critical Kills . | . . . Critical Parts Destroyed . | . . . Critical Strikes . | . . . Melee Attacks . | . . . Impact . | . . . Slashing . | . . . Piercing . | . . . Sneak Attacks . | . . . Combat Hostiles . | . . . Follow-up Attacks . | . . . Damage Inflicted 910 | 44 515 351 Guns 640 | 44 478 118 Cannons . | . . . Explosions 269 | . 36 233 Melee . | . . . Ramming 1 | . 1 . Kinetic 278 | 17 219 42 Thermal 272 | . 196 76 Explosive 233 | . . 233 Electromagnetic 126 | 27 99 . Impact . | . . . Slashing . | . . . Piercing . | . . . Highest Corruption . | . . . Average Corruption . | . . . Corruption Purged . | . . . Corruption Blocked . | . . . Overload Shots . | . . . Overflow Damage 55 | . . 55 Projectiles . | . . . Explosions 55 | . . 55 Melee . | . . . Knockbacks . | . . . Impact . | . . . Kinetic . | . . . Secondary . | . . . Self-Inflicted Damage 45 | . 16 29 Shots 3 | . 1 2 Rammed . | . . . Targets Rammed 2 | . 2 . Kicked 2 | . 2 . Crushed . | . . . Highest Temperature 204 | 20 159 204 Average Temperature 63 | 15 56 98 Received Heat Transfer 639 | . 507 132 Siege Activations . | . . . Martial Activations . | . . . Shielding Activations . | . . . Robots Disrupted . | . . . Combat Hostiles . | . . . Robots Corrupted . | . . . Combat Hostiles . | . . . Parts Fried . | . . . Impact Corruptions . | . . . Robots Melted . | . . . Combat Hostiles . | . . . Parts Melted 1 | . 1 . Heat Transferred 600 | . 425 175 Parts Sabotaged . | . . . Parts Stolen . | . . . Parts Stripped . | . . . Power Chain Reactions 1 | . 1 . Alert | -11 -10 -10 ------- Run | Yrd Mat Min Maximum Alert Level 1 | . 1 . Low Security (%) 98 | 100 96 100 Level 1 1 | . 3 . Level 2 . | . . . Level 3 . | . . . Level 4 . | . . . Level 5 . | . . . High Security . | . . . Max Security . | . . . Peak Influence 208 | 5 208 113 Initial 53 | . . 53 Average 68 | . 106 45 Influence Increases 504 | 10 333 161 Destroy 0b10 Robot/C 260 | . 160 100 Destroy 0b10 Robot/NC 10 | 10 . . Destroy Leader 60 | . 40 20 Successful Hack 5 | . 5 . Disable Machine 30 | . 15 15 Destroy Structure 34 | . 8 26 Lose Combat Pursuer 105 | . 105 . Influence Decreases 504 | 10 195 299 Entered New Map 85 | . . 85 Time Decay 348 | 10 145 193 Lost Part 71 | . 50 21 Squads Dispatched 3 | . 3 . Investigation 1 | . 1 . Extermination . | . . . Reinforcement 2 | . 2 . Assault . | . . . Garrison . | . . . Intercept . | . . . Searches Triggered . | . . . Construction Impeded . | . . . Haulers Reinforced . | . . . Active Scanning Responses . | . . . Cargo Convoy Interrupts . | . . . Stealth | -11 -10 -10 --------- Run | Yrd Mat Min Distress Signals 3 | . 3 . Communications Jammed . | . . . Distress Signals . | . . . Times Spotted 28 | . 21 7 Peak Tracking Total 7 | . 7 3 Tactical Retreats 3 | . 3 . Traps | -11 -10 -10 ------- Run | Yrd Mat Min Traps Triggered 1 | . 1 . Indirectly . | . . . Trap Hack Attempts . | . . . Triggered . | . . . Disarmed . | . . . Reprogrammed . | . . . Reused . | . . . Traps Extracted . | . . . Installed . | . . . Triggered . | . . . Most Traps Carried 2 | . . 2 Machines | -11 -10 -10 ---------- Run | Yrd Mat Min Machines Disabled 2 | . 1 1 Max in Single Turn 1 | . 1 1 Machines Repaired . | . . . Machines Dismantled . | . . . Machines Sabotaged . | . . . Overloaded Fab Kills . | . . . Hacking | -11 -10 -10 --------- Run | Yrd Mat Min Machines Accessed 1 | . 1 . Terminals 1 | . 1 . Fabricators . | . . . Repair Stations . | . . . Recycling Units . | . . . Scanalyzers . | . . . Garrison Access . | . . . Total Hacks 3 | . 3 . Successful 2 | . 2 . Failed 1 | . 1 . Catastrophic . | . . . Database Lockouts . | . . . Manual 3 | . 3 . Terminals 3 | . 3 . Fabricators . | . . . Repair Stations . | . . . Recycling Units . | . . . Scanalyzers . | . . . Garrison Access . | . . . Terminal Hacks . | . . . Fabricator Hacks . | . . . Repair Station Hacks . | . . . Recycling Unit Hacks . | . . . Scanalyzer . | . . . Garrison Access Hacks . | . . . Unauthorized Hacks 2 | . 2 . Terminals 2 | . 2 . Botnet 1 | . 1 . Skim 1 | . 1 . Fabricators . | . . . Repair Stations . | . . . Recycling Units . | . . . Scanalyzers . | . . . Garrison Access . | . . . Data Cores Recovered . | . . . Used . | . . . Hacking Detections 1 | . 1 . Full Trace Events . | . . . Feedback Events . | . . . Feedback Blocked . | . . . Robot Schematics Acquired . | . . . Robots Built . | . . . Authchips . | . . . Time . | . . . Total Robot Build Rating . | . . . Part Schematics Acquired . | . . . Parts Built . | . . . Authchips . | . . . Time . | . . . Total Part Build Rating . | . . . Part Studies Acquired . | . . . Parts Repaired . | . . . Time . | . . . Parts Recycled . | . . . Recycled Matter . | . . . Retrieved Matter . | . . . Retrieved Components . | . . . Parts Scanalyzed . | . . . Part Schematics Acquired . | . . . Parts Damaged . | . . . Bothacking | -11 -10 -10 ------------ Run | Yrd Mat Min Used RIF Installer . | . . . Robots Hacked . | . . . Non-combat . | . . . Combat . | . . . Robot Hacks Applied . | . . . Relay Couplers Released . | . . . Fabnet Peak Effective % . | . . . Robots Rewired . | . . . Allies Hacked . | . . . Hacks Repelled . | . . . Allies | -11 -10 -10 -------- Run | Yrd Mat Min Total Allies . | . . . Largest Group . | . . . Highest-Rated Group . | . . . Highest-Rated Ally . | . . . Total Orders . | . . . Ally Attacks . | . . . Total Damage . | . . . Kills . | . . . Allies Corrupted . | . . . Allies Melted . | . . . Intel | -11 -10 -10 ------- Run | Yrd Mat Min Active Infowar (turns) 840 | 40 385 415 Seismic 840 | 40 385 415 Robot Analysis Total . | . . . Derelict Logs Recovered 1 | . . 1 Drone Launches . | . . . Drone Recoveries . | . . . Exploration | -11 -10 -10 ------------- Run | Yrd Mat Min Turns Passed 882 | 82 385 415 Spaces Moved 555 | 42 206 307 Core 11 | 11 . . Treads . | . . . Legs 544 | 31 206 307 Wheels . | . . . Hover . | . . . Flight . | . . . Fastest Speed 50 | 50 120 120 Average Speed 121 | 139 120 120 Slowest Speed 250 | 250 120 190 Overloaded Moves . | . . . Propulsion Burnouts . | . . . Robots Hopped . | . . . Potential Cave-ins . | . . . Cave-ins Triggered . | . . . Exploration Rate (%) 35 | 3 43 61 Regions Visited 2 Branch Regions 1 Pre-discovered Areas . | . . . Known Exits Taken . | . . . Unknown Exits Taken 2 | 1 1 . Scrap Searched . | . . . Spaces Dug . | . . . Terrain Destroyed 43 | . 9 34 Melee . | . . . Projectile . | . . . AOE 43 | . 9 34 Terrain Rammed . | . . . Walls Destroyed . | . . . Machines Disabled . | . . . Actions | -11 -10 -10 --------- Run | Yrd Mat Min Total 651 | 53 268 330 Wait 4 | . 4 . Move 553 | 41 205 307 Hop . | . . . Pick Up 10 | . 6 4 Fast Attach 12 | 7 4 1 Attach 2 | . 1 1 Detach . | . . . Swap 3 | . 2 1 Drop 2 | . . 2 Fire 63 | 5 44 14 Melee . | . . . Ram . | . . . Kick 2 | . 2 . Crush . | . . . Escape Stasis . | . . . Rewire . | . . . Trap . | . . . Miscellaneous . | . . . Route ------- -11/Scrapyard -10/Materials (discovered 3 exits: [*Mat] / [*Min x2]) -10/Mines (discovered 2 exits: [*Mat] / [*Sub]) History --------- Turn | Location | Event 45 | -11/Scrapyard | Discovered new exit (range 16) 83 | -11/Scrapyard | Entered Materials 83 | -10/Materials | Discovered new exit (range 7) 160 | -10/Materials | Discovered new exit (range 14) 271 | -10/Materials | Core integrity fell below 50% 316 | -10/Materials | Lost 4 parts (1p2n1w) 377 | -10/Materials | Discovered new exit (range 14) 468 | -10/Materials | Entered Mines 470 | -10/Mines | Core integrity fell below 20% 519 | -10/Mines | Received a Rocket Launcher from a helpful Derelict 545 | -10/Mines | Found a hidden stash of uninstalled traps 588 | -10/Mines | Build established: Scavenger-Mutant 608 | -10/Mines | Learned Materials terminal intel 609 | -10/Mines | Discovered new exit (range 6) 800 | -10/Mines | Discovered new exit (range 6) 854 | -10/Mines | Assembled infested the area 859 | -10/Mines | Assisted by a Guerilla fighting off Assembled 883 | -10/Mines | Destroyed by D-53 Grenadier with Mini Grenade Launcher Last Messages --------------- 00642_ Destroyed Flight Unit. 00642_ S-10 Pest destroyed. 00647_ K-01 Serf collects debris. 00654_ Acquired 8 matter. 00669_ K-01 Serf collects debris. 00798_ T-07 Excavator is excavating. 00800_ EXIT=FOUND 00801_ U-05 Engineer lays Concrete. 00802_ T-07 Excavator is excavating. 00802_ U-05 Engineer lays Concrete. 00806_ T-07 Excavator is excavating. 00807_ U-05 Engineer lays Concrete. 00808_ U-05 Engineer builds a Wall. 00854_ ALERT: Infestation in the mines, dispatching Demolisher response squad. 00859_ A derelict emerges from the shadows: "You need to get out of here! I've been tracking a group of Assembled to figure out where they're coming from, and they're closing on this area, come on!" 00881_ K-01 Serf destroyed. 00883_ Aluminum Leg destroyed. Map ----- +----------------------------------------------------+ | ###????# ##????# #??????? | | ### #??????# ####?# #### #??????? | | #?# ###????# ### ##### ###???????????? | | #?# ##??## < ## #???# ##?????????????? | | #?# #### ## #???## #??????????????? | | #?## ## #????### #??????????????? | | ### ## #??????? #??????????????? | | ## ## # ## ###??????? #??????????????? | | ### # ## #????????? #??????????????? | | ## ###?# # ## #????????? #??????????????? | | ### #???# # ## #????????? #??????????????? | | #?# #??? # ## #????????? ???????????????? | | ##?# #???# # #?????????#???????????????? | | ##??# #??## #?????????????????????????? | | # ##???# #? #########?????????????????????????? | | #####????# #? #?????????????????????????????????? | | ?##??????# ## #?????????????????????????????????? | | ?#<####??# ## #??####???????????????????????????? | | ## #### ## #??#$ ???????????????????????????? | | # # ?# #???????????????????????????? | | ?# #% #???????????????????????????? | | ?# #### ###?????????????????????????? | | ?######### % ## #?###????????????????????? | | ??????## ] d # #????????????????????? | | ?????## " d ##???????????????????? | | ?????# " @ #???????????????????? | | ?????# " # % #??????????????????? | | ?????## ##### ##????????###??????? | | ??????## ##???##### ##?????? ???????? | | ???????#### ##????????## ##???? #????????? | | ??????????## #??????????## ##### #????????? | | ??????????## #???????????# ## ?????????? | | ????????### #???????????## ## #???????????? | | ???????## #????????????## #???????????? | | ??????## ###?????????????# #####???????????? | | ??????# ####???????????????####???????????????? | | ??????## ##?????????????????????????????????????? | | ???????####??????????????????????????????????????? | | ?????????????????????????????????????????????????? | | ?????????????????????????????????????????????????? | | ?????????????????????????????????????????????????? | | ?????????????????????????????????????????????????? | | ?????????????????????????????????????????????????? | | | | | | | | | | | | | | | +----------------------------------------------------+ Best States ------------- Heat Dissipation 25 Energy Generation 14 Energy Capacity 250 Matter Stores 300 Matter Capacity 300 Sight Range 16 Terrain Scan Density 10 Evasion (%) 55 Item Schematics ----------------- None Robot Schematics ------------------ None Fabricated ------------ Nothing Repaired ---------- Nothing Studied --------- None Alien Tech Used ----------------- None Achievements -------------- None Challenges ------------ None Game ------ Seed VariableScrapoidDoublenader Manual? 0 Play Time 00:08:04 Cumulative 471.9 hours Start 2025.12.14 @ 18:21:43 End 2025.12.15 @ 21:55:24 Sessions 2 Manual Loads 0 Difficulty Rogue Special Mode None Game No. 191 Rogue 118 Adventurer 68 Explorer 5 Win Type - Total 37 Types 20/3/4/4/3/0/1/0/0/2 Lore% 82 Gallery% 79 Achievement% 62 Wizard Run 0 Options --------- Layout 0 ASCII 0 Keyboard 0 Movement Numpad Keybinds 0 Fullscreen 1 Font 24/Smallcaps Map View 76x50 Zoom Use 0% Tactical HUD 1 Map Filters NONE Filters NONE Steam 1 RUN: cbb2a754-937f-4165-ad1c-96608ca2ef7b